 Dungeon Crawl Stone Soup version 0.31-a0-232-gb1c03b2570 (webtiles) character file.

Game seed: 11593341144255363018

434 qw the Shooter (level 6, -1/52 HPs)
             Began as a Minotaur Hexslinger on July 7, 2023.
             Slain by an orc
             ... wielding a +0 club
              (2 damage)
             ... on level 5 of the Dungeon.
             The game lasted 00:01:12 (2839 turns).

qw the Shooter (Minotaur Hexslinger)                Turns: 2839, Time: 00:01:13

Health: -1/52      AC:  3    Str: 12    XL:     6   Next: 67%
Magic:  6/6        EV: 13    Int: 10    God:
Gold:   195        SH:  0    Dex: 21    Spells: 6/7 levels left

rFire   . . .        Y - +2 sling
rCold   . . .        (no shield)
rNeg    . . .        b - +0 leather armour {rPois}
rPois   +            (helmet restricted)
rElec   .            (no cloak)
rCorr   .            (no gloves)
SInv    .            (no boots)
Will    .....        (no amulet)
Stlth   ++           m - +6 ring of dexterity
HPRegen 0.28/turn    (no ring)
MPRegen 0.10/turn

%: no passive effects
@: about to teleport
A: horns 2, retaliatory headbutt
a: no special abilities


You were on level 5 of the Dungeon.
You visited 1 branch of the dungeon, and saw 5 of its levels.

You collected 195 gold pieces.


Innate Abilities, Weirdness & Mutations

You have a pair of horns on your head.
You reflexively headbutt those who attack you in melee.


   Skills:
 - Level 4.0 Fighting
 + Level 6.5 Ranged Weapons
 - Level 3.3 Dodging
 - Level 1.0 Spellcasting
 - Level 2.0 Hexes


You had 6 spell levels left.
You knew the following spells:

 Your Spells              Type           Power      Damage    Failure   Level
a - Slow                  Hex            16%        N/A       19%         1

Your spell library contained the following spells:

 Spells                   Type           Power      Damage    Failure   Level
 Inner Flame              Hex/Fire       2%         N/A       65%         3
 Portal Projectile        Hex/Tloc       4%         N/A       65%         3
 Cause Fear               Hex            2%         N/A       88%         4

Inventory:

Hand Weapons
 Y - a +2 sling (weapon)
Armour
 b - a +0 leather armour of poison resistance (worn)
 c - a +0 ring mail
Jewellery
 m - a +6 ring of dexterity (left hand)
Scrolls
 g - a scroll of enchant armour
 h - 2 scrolls of teleportation
Potions
 a - a potion of curing {unknown}
 e - a potion of experience {unknown}
 j - a potion of heal wounds {unknown}
 k - a potion of lignification {unknown}

Dungeon Overview and Level Annotations

Branches:
Dungeon (5/15)
 Temple: D:4-7

Altars:
Kikubaaqudgha
Trog
Zin

Shops:
D:1 =

Annotations:
D:3 2 runed translucent doors, qw's ghost, amateur GrHs


Message History

You shoot a sling bullet.
The sling bullet hits the sleepcap but does no damage.
The sleepcap is almost destroyed.
The orc closely misses you. You furiously retaliate!
You headbutt the orc. The orc barely misses you.
The sleepcap releases spores at you.
You shoot a sling bullet.
The sling bullet hits the sleepcap but does no damage.
The sleepcap is almost destroyed.
The orc barely misses you. x2; You furiously retaliate!
You headbutt the orc. The sleepcap releases spores at you.
You are engulfed in a cloud of soporific spores!
You are unaffected.
You shoot a sling bullet.
The sling bullet hits the sleepcap but does no damage.
The sleepcap is almost destroyed.
The orc closely misses you. You furiously retaliate!
You headbutt the orc.
You kill the orc!
The orc hits you with a +0 mace. The sleepcap misses you.
You furiously retaliate!
You headbutt the sleepcap, but do no damage.
You shoot a sling bullet. The sling bullet hits the sleepcap.
The sleepcap is almost destroyed.
The sleepcap releases spores at you.
You shoot a sling bullet. The sling bullet hits the sleepcap.
You destroy the sleepcap!
The orc barely misses you.
Your Dodging skill increases to level 3!
You shoot a sling bullet.
The sling bullet hits the orc but does no damage.
The orc is severely wounded.
The orc barely misses you. The orc hits you with a +0 mace. x2
The orc hits you with a +0 club.
2838 ||| READING 3 scrolls of teleportation.
As you read the scroll of teleportation, it crumbles to dust.
You feel strangely unstable. The orc hits you but does no damage.
The orc hits you with a +0 mace!
You shoot a sling bullet. The sling bullet hits the orc.
The orc is almost dead.
The orc hits you with a +0 club.
You die...

........##.#####
#
.........#.....#
.........'.....#
.........#######
...####.#
##.####.# ...#.#
#.##o#.#
#..o@..#
#..#.### #. #.#
# #.# ... #.#
#.# #.#


You could see 2 orcs.

Vanquished Creatures
  A black bear (D:4)
  A scorpion (D:4)
  2 jellies (D:5)
  A hound (D:5)
  A sleepcap (D:5)
  Ijyb (D:3)
  5 adders
  A white imp (D:5)
  An ufetubus (D:4)
  2 worms
  5 orcs
  6 endoplasms
  2 giant cockroaches
  16 goblins
  4 hobgoblins
  4 jackals (D:2)
  2 quokkas (D:1)
  5 ball pythons
  6 bats (D:1)
  3 frilled lizards
  9 kobolds
  9 rats
87 creatures vanquished.

Notes
Turn   | Place    | Note
-------+----------+-------------------------------------------
     0 | D:1      | qw the Minotaur Hexslinger began the quest for the Orb.
     0 | D:1      | Reached XP level 1. HP: 16/16 MP: 1/1
     0 | D:1      | 0 ||| qw: Version: 0.3-a-46-gb1f654a
     0 | D:1      | 0 ||| qw: Game counter: 2643
     0 | D:1      | 0 ||| qw: Melee chars always use a shield: true
     0 | D:1      | 0 ||| qw: God list: Okawaru
     0 | D:1      | 0 ||| qw: Allow faded altars: false
     0 | D:1      | 0 ||| qw: Do Orc after clearing Dungeon:15 true
     0 | D:1      | 0 ||| qw: Do second Lair branch before Depths: true
     0 | D:1      | 0 ||| qw: Lair rune preference: random
     0 | D:1      | 0 ||| qw: Goals: Normal
     0 | D:1      | 0 ||| PLANNING D:1-11
   110 | D:1      | Reached skill level 3 in Ranged Weapons
   128 | D:1      | Found Coecur's Jewellery Emporium.
   132 | D:1      | 132 ||| SHOPLISTING +4 ring of protection (360 gold, have
                  | 0).
   132 | D:1      | 132 ||| SHOPLISTING +6 ring of strength (360 gold, have 0).
   132 | D:1      | 132 ||| SHOPLISTING amulet of reflection (300 gold, have
                  | 0).
   132 | D:1      | 132 ||| SHOPLISTING ring of protection from fire (250 gold,
                  | have 0).
   176 | D:1      | Reached XP level 2. HP: 23/23 MP: 2/2
   421 | D:1      | Found a faded altar of an unknown god.
   543 | D:1      | Reached XP level 3. HP: 29/29 MP: 3/3
   762 | D:1      | 762 ||| READING scroll labelled SAUNUS HUHU.
   763 | D:1      | 763 ||| READING scroll labelled WENTAS DUOTOU.
   764 | D:1      | 764 ||| DROPPING scroll of poison.
   803 | D:2      | Identified the +5 scimitar of Doors {speed, rPois Int+5}
   883 | D:2      | Reached skill level 4 in Ranged Weapons
   952 | D:2      | Found an ancient bone altar of Kikubaaqudgha.
  1318 | D:2      | 1318 ||| UPGRADING to +0 leather armour.
  1328 | D:2      | 1328 ||| DROPPING +0 robe.
  1329 | D:2      | 1329 ||| UPGRADING to +6 ring of dexterity.
  1330 | D:2      | 1330 ||| READING scroll labelled METEQ LODWASS.
  1331 | D:2      | 1331 ||| READING scroll labelled CIKOCHISKA.
  1332 | D:2      | 1332 ||| READING scroll labelled RYELIAD ALURR.
  1333 | D:2      | 1333 ||| READING scroll labelled FIKLES QONEMOK.
  1336 | D:2      | 1336 ||| DRINKING 2 glowing emerald potions.
  1337 | D:2      | 1337 ||| DROPPING potion of attraction.
  1452 | D:3      | Noticed Ijyb
  1456 | D:3      | Reached XP level 4. HP: 36/36 MP: 4/4
  1465 | D:3      | HP: 7/36 [Ijyb/+0 dagger (3)]
  1466 | D:3      | Killed Ijyb
  1586 | D:3      | Found a glowing silver altar of Zin.
  1600 | D:3      | Reached skill level 5 in Ranged Weapons
  1672 | D:3      | Found a runed translucent door.
  1673 | D:3      | Noticed a bullfrog
  1673 | D:3      | Noticed qw's ghost (amateur GrHs)
  1868 | D:3      | Found a runed translucent door.
  2087 | D:3      | 2087 ||| UPGRADING to +0 leather armour of poison
                  | resistance.
  2097 | D:3      | 2097 ||| DROPPING +0 leather armour.
  2098 | D:3      | 2098 ||| DRINKING 2 murky blue potions.
  2099 | D:3      | 2099 ||| DROPPING potion of brilliance.
  2125 | D:4      | Reached skill level 3 in Fighting
  2169 | D:4      | Noticed a scorpion
  2179 | D:4      | Killed a scorpion
  2180 | D:4      | Reached XP level 5. HP: 42/45 MP: 5/5
  2214 | D:4      | Noticed a black bear
  2221 | D:4      | Killed a black bear
  2222 | D:4      | Reached skill level 6 in Ranged Weapons
  2222 | D:4      | Reached XP level 6. HP: 37/51 MP: 6/6
  2553 | D:4      | Found a bloodstained altar of Trog.
  2563 | D:4      | Found an ancient bone altar of Kikubaaqudgha.
  2566 | D:4      | 2566 ||| DROPPING ring of flight.
  2567 | D:4      | 2567 ||| READING scroll labelled PUDIMUHIASK.
  2653 | D:4      | 2653 ||| READING scroll labelled CITEN PAETO.
  2654 | D:4      | 2654 ||| READING 2 scrolls labelled DOLEIZ ULOT CYZ.
  2684 | D:5      | Entered Level 5 of the Dungeon
  2837 | D:5      | Reached skill level 3 in Dodging
  2837 | D:5      | HP: 12/52 [orc/+0 mace (4)]
  2838 | D:5      | 2838 ||| READING 3 scrolls of teleportation.
  2838 | D:5      | HP: 1/52 [orc/+0 mace (7)]
  2839 | D:5      | Slain by an orc

Levels and vault maps discovered:
D:1:      saegor_arrival_simple_a, layout_loops_ring, serial_shops, shop,
          shapermc_ecumenical_altar_mp_ritualfount, minmay_bisected
D:2:      layout_basic, basic_altar, minmay_split_cup_large
D:3:      layout_loops_cross, mainiacjoe_overflow_surrounded_room,
          ebering_ghost_sewer_f, uniq_ijyb
D:4:      layout_rooms, amethyst_overflow_temple_binary
D:5:      layout_basic, gammafunk_temple_overflow_elements,
          minmay_temple_entry_trees, hangedman_decor_diamond_cutter,
          minmay_manual_monstrance, uniq_crazy_yiuf_cottage

Skill      XL: |  1  2  3  4  5  6 |
---------------+-------------------+-----
Ranged Weapons | 3 4 5 6 |  6.5
Fighting       | 2 3 4 |  4.0
Dodging        | 3 |  3.3
Spellcasting   | |  1.0
Hexes          | |  2.0

Action                     |  1- 3 |  4- 6 || total
---------------------------+-------+-------++-------
   Fire: Sling             |   150 |   126 ||   276
    Use: Scroll            |     6 |     4 ||    10
         Potion            |     1 |     1 ||     2
 Armour: Robe              |    13 |       ||    13
         Leather armour    |       |    17 ||    17
  Dodge: Dodged            |    41 |    21 ||    62

Table legend:
 A = Non-vault XP
 B = Vault XP
 C = Vault XP percentage of total XP
 D = Non-vault monster count
 E = Vault monster count
 F = Vault count percentage of total count
                 A         B        C        D         E       F
            +---------+---------+-------+---------+---------+-------
      Total |     577 |      43 |   6.9 |      80 |       7 |   8.0
            +---------+---------+-------+---------+---------+-------
        D:1 |      42 |       3 |   6.7 |      29 |       2 |   6.5
        D:2 |      42 |       5 |  10.6 |      15 |       4 |  21.1
        D:3 |      46 |      35 |  43.2 |      12 |       1 |   7.7
        D:4 |     257 |       0 |   0.0 |      17 |       0 |   0.0
        D:5 |     190 |       0 |   0.0 |       7 |       0 |   0.0
            +---------+---------+-------+---------+---------+-------
